 Dungeon Crawl Stone Soup version bcrawl-1.17.3 (webtiles) character file.

Game seed: 13982059374896023756

608 Lanoc the Skirmisher (level 7, -4/60 HPs)
             Began as an Oni Reaver on Oct 24, 2019.
             Was a Believer of Vehumet.
             Slain by a worker ant (7 damage)
             ... on level 4 of the Dungeon.
             The game lasted 00:04:56 (2738 turns).

Lanoc the Skirmisher (Oni Reaver)                   Turns: 2738, Time: 00:04:57

Health: -4/60      AC:  5    Str: 14      XL:     7   Next: 43%
Magic:  14/14      EV: 13    Int: 18      God:    Vehumet [**....]
Gold:   136        SH:  0    Dex:  7 (9)  Spells: 10/13 levels left

rFire    + . .     SeeInvis .   a - +0 war axe
rCold    . . .     Gourm    .   (no shield)
rNeg     . . .     Faith    .   b - +0 steam dragon scales
rPois    .         Spirit   .   (helmet restricted)
rElec    .         Reflect  .   (no cloak)
rCorr    .         Harm     .   (no gloves)
MR       .....                  (no boots)
Stlth    +.........             (no amulet)
HPRegen  0.20/turn              l - ring of protection from fire
MPRegen  0.14/turn              (no ring)

@: no status effects
A: oni magic, claws 1, fangs 1, horns 1
a: Renounce Religion


You were on level 4 of the Dungeon.
You worshipped Vehumet.
Vehumet was pleased with you.
You were not hungry.

You visited 2 branches of the dungeon, and saw 5 of its levels.

You collected 136 gold pieces.

Inventory:

Hand Weapons
 a - a +0 war axe (weapon)
Armour
 b - +0 steam dragon scales (worn)
Jewellery
 k - an uncursed ring of fire
 l - a ring of protection from fire (left claw)
Scrolls
 c - a scroll of enchant weapon {unknown}
 d - 2 scrolls of immolation
 e - a scroll of fog {unknown}
 h - 2 scrolls of remove curse {unknown}
 i - a scroll of enchant armour {unknown}
 j - 5 scrolls of teleportation {unknown}
 m - 6 scrolls of identify {unknown}
Potions
 n - a potion of ambrosia {unknown}
Comestibles
 f - 6 rations {!d}


   Skills:
 + Level 4.5 Fighting
 + Level 4.5 Axes
 + Level 4.1 Dodging
 * Level 3.6 Spellcasting


You had 10 spell levels left.
You knew the following spells:

 Your Spells              Type           Power        Failure   Level  Hunger
a - Sting                 Conj/Pois      ###.         3%          1    None
b - Corpse Rot            Necr           N/A          4%          2    ##.....

Your spell library contained the following spells:

 Spells                   Type           Power        Failure   Level  Hunger
 Beckoning                Tloc           ###.......   9%          3    ###....
 Iskenderun's Battlesphe  Conj/Chrm      ###.....     67%         5    ######.


Dungeon Overview and Level Annotations

Branches:
Dungeon (4/12)             Temple (1/1) D:4

Altars:
Elyvilon
Gozag
Hepliaklqana
Ru
Uskayaw


Innate Abilities, Weirdness & Mutations

You learn spells by gaining experience, not through books or religion.
You only train spellcasting to practice magic.
You have sharp fingernails.
You have very sharp teeth.
You have a pair of small horns on your head.


Message History

* * * LOW HITPOINT WARNING * * *
The sky beast shocks you.
* * * LOW HITPOINT WARNING * * *
You slash the sky beast!
You kill the sky beast!
Vehumet accepts your kill.
You feel your dexterity returning.
You closely miss the worker ant. The worker ant bites you.
* * * LOW HITPOINT WARNING * * *
The worker ant misses you.
You slash the worker ant!
The worker ant is heavily wounded.
The worker ant completely misses you.
You hit the worker ant but do no damage.
You headbutt the worker ant. Your bite misses the worker ant.
The worker ant is almost dead.
The worker ant bites you.
* * * LOW HITPOINT WARNING * * *
The worker ant bites you!
You die...

...
..####............))####.
# #...###.....##..# ##
#........####...#### #.
#.#......####....)<. ...
###...........####..
.(..###....##..#..#####..
.........#..........##...
........##.#.#...........
.......a@..###........###
......###†.# ##.......# #
.....# #!# #........# 8
..... .###........##.
.... .#........## ...#
.##........# ... .
##...####.# ... #..##
#.##. .....##...###..#8.


You could see a worker ant.

Vanquished Creatures
  A sky beast (D:4)
  A centaur (D:3)
  A bullfrog (D:4)
  2 howler monkeys (D:4)
  A crimson imp (D:4)
  An orc priest (D:3)
  A quasit (D:4)
  Terence (D:2)
  An orc wizard (D:3)
  4 adders
  3 oozes
  4 worms
  2 dart slugs
  A leopard gecko (D:2)
  6 orcs
  3 giant cockroaches
  4 goblins
  4 hobgoblins
  10 jackals
  A quokka (D:3)
  A ball python (D:3)
  4 bats
  4 frilled lizards
  11 kobolds
  3 rats
75 creatures vanquished.

Notes
Turn   | Place    | Note
-------+----------+-------------------------------------------
     0 | D:1      | Lanoc the Oni Reaver began the quest for the Orb.
     0 | D:1      | Reached XP level 1. HP: 19/19 MP: 4/4
   201 | D:1      | Reached XP level 2. HP: 26/26 MP: 6/6
   216 | D:1      | Learned a level 1 spell: Sting
   465 | D:1      | Reached * piety under Vehumet
   472 | D:2      | Noticed Terence
   480 | D:2      | Killed Terence
   480 | D:2      | Reached XP level 3. HP: 31/31 MP: 3/8
   686 | D:2      | Reached XP level 4. HP: 36/38 MP: 9/9
   702 | D:2      | Learned a level 2 spell: Corpse Rot
  1097 | D:3      | Found a sacrificial altar of Ru.
  1126 | D:3      | Noticed a centaur
  1140 | D:3      | Killed a centaur
  1140 | D:3      | Reached XP level 5. HP: 22/46 MP: 1/10
  1410 | D:3      | Found a hazy altar of Hepliaklqana.
  1633 | D:3      | Reached ** piety under Vehumet
  1640 | D:3      | Reached XP level 6. HP: 9/52 MP: 12/12
  2213 | D:4      | Found an opulent altar of Gozag.
  2451 | D:4      | Found a staircase to the Ecumenical Temple.
  2458 | Temple   | Entered the Ecumenical Temple
  2611 | D:4      | Reached XP level 7. HP: 26/60 MP: 10/14
  2738 | D:4      | HP: 3/60 [worker ant (3)]
  2738 | D:4      | Slain by a worker ant

Skill      XL: |  1  2  3  4  5  6  7 |
---------------+----------------------+-----
Dodging        | 3 4 |  4.1
Spellcasting   | 2 3 |  3.6
Fighting       | 4 |  4.5
Axes           | 4 |  4.5

Action                   |  1- 3 |  4- 6 |  7- 9 || total
-------------------------+-------+-------+-------++-------
Melee: War axe           |    61 |   164 |    16 ||   241
       Headbutt          |     7 |    22 |     3 ||    32
       Bite              |     6 |     8 |     1 ||    15
 Cast: Sting             |     5 |    21 |     4 ||    30
  Use: Potion            |       |     3 |       ||     3
  Eat: Chunk             |       |     6 |       ||     6
Armor: Steam dragon scal |    26 |   104 |     6 ||   136
Dodge: Dodged            |    66 |   211 |    19 ||   296
